 Dungeon Crawl Stone Soup version 0.31-a0-833-gc15d34cb79 (webtiles) character file.

Game seed: 994837994104068578

83 Aneyh the Slasher (level 4, -3/28 HPs)
             Began as a Tengu Monk on Sept 25, 2023.
             Slain by a gnoll
             ... wielding a +2 halberd of distortion
              (12 damage)
             ... on level 2 of the Dungeon.
             The game lasted 00:02:35 (1311 turns).

Aneyh the Slasher (Tengu Monk)                      Turns: 1311, Time: 00:02:35

Health: -3/28      AC:  2    Str: 11    XL:     4   Next: 44%
Magic:  5/5        EV: 13    Int: 11    God:
Gold:   63         SH:  0    Dex: 18    Spells: 3/3 levels left

rFire   . . .        a - +0 falchion
rCold   . . .        (no shield)
rNeg    . . .        b - +0 robe
rPois   .            (helmet restricted)
rElec   .            (no cloak)
rCorr   .            (no gloves)
SInv    .            (boots unavailable)
Will    .....        (no amulet)
Stlth   ++           (no ring)
HPRegen 0.24/turn    (no ring)
MPRegen 0.09/turn

%: acrobat
@: no status effects
A: beak, talons 3, acrobatic
a: no special abilities


You were on level 2 of the Dungeon.
You visited 1 branch of the dungeon, and saw 2 of its levels.

You collected 63 gold pieces.

Inventory:

Hand Weapons
 a - a +0 falchion (weapon)
 o - a +2 dagger of draining
Armour
 b - a +0 robe (worn)
 d - an orb of light
Jewellery
 l - a ring of willpower
Scrolls
 e - a scroll of teleportation {unknown}
 g - a scroll of amnesia {unknown}
 i - a scroll of revelation {unknown}
 j - a scroll of enchant weapon {unknown}
 k - 2 scrolls of identify {unknown}
Potions
 c - a potion of ambrosia
 f - a potion of heal wounds {unknown}
 h - a potion of invisibility {unknown}
 m - a potion of curing {unknown}
 p - a potion of attraction {unknown}


   Skills:
 - Level 3.0 Fighting
 + Level 5.6 Long Blades
 - Level 3.2 Dodging


You had 3 spell levels left.
You didn't know any spells.
Your spell library contained the following spells:

 Spells                   Type           Power      Damage    Failure   Level
 Inner Flame              Hex/Fire       0%         N/A       71%         3
 Yara's Violent Unravell  Hex/Tmut       0%         3d3       100%        5
 Enfeeble                 Hex            0%         N/A       100%        7


Dungeon Overview and Level Annotations

Branches:
Dungeon (2/15)

Altars:

Shops:
D:1 [


Innate Abilities, Weirdness & Mutations

You have a beak for a mouth.
You have claws for feet.
You can magically evade attacks while moving or waiting.


Message History

No target in view!
You see here a +2 dagger of draining.
o - a +2 dagger of draining
p - a fizzy brown potion A ball python comes into view.
The ball python hisses angrily.
The ball python misses you. x2
You barely miss the ball python. You claw the ball python.
You kill the ball python!
No target in view!
You see here a ball python corpse.
A gnoll comes into view. It is wielding a +0 halberd.
A gnoll comes into view.
It is wielding a +2 halberd of distortion.
You throw a poisoned dart. The poisoned dart hits the gnoll.
The gnoll is poisoned.
The gnoll shouts!
A gnoll comes into view. It is wielding a +0 spear.
You throw a poisoned dart. The poisoned dart hits the gnoll.
The gnoll looks even sicker.
The gnoll shouts!
You throw a poisoned dart. The poisoned dart hits the gnoll.
The gnoll looks even sicker.
The gnoll is moderately wounded.
You throw a poisoned dart. The poisoned dart hits the gnoll.
Nothing quivered!
You feel a bit more experienced. The gnoll completely misses you.
The gnoll completely misses you.
You hit the gnoll but do no damage. You claw the gnoll.
The gnoll is lightly wounded.
The gnoll barely misses you. The gnoll closely misses you.
You hit the gnoll.
The gnoll is moderately wounded.
The gnoll closely misses you.
The gnoll hits you from afar with a +0 spear.
You hit the gnoll but do no damage. You claw the gnoll.
The gnoll is moderately wounded.
The gnoll hits you with a +2 halberd of distortion!
Space warps horribly around you!
You die...

############ #####
...........#
#######...#
##......##.#
#....g..#.#
#.####.##.#
#g#####...# #.#
##.##.# #g# ##.##
#.###.#.#.# #@#
#.# ##....###..##
#.# #.# .....##
##..# #.# #g#
##....###...# #.#
#.# #...##.#.#..#
#.# ##g######
........##..# #†#
#.g.......
#.......##..####.#
#.######.#
##...............#
#.#
#.........††######
#.#


You could see 2 gnolls.

Vanquished Creatures
  A gnoll (D:2)
  3 adders (D:2)
  A worm (D:2)
  A dart slug (D:1)
  8 bats
  An endoplasm (D:1)
  5 giant cockroaches
  4 goblins
  6 hobgoblins
  A quokka (D:1)
  4 ball pythons
  2 frilled lizards (D:1)
  A kobold (D:2)
  2 rats (D:1)
40 creatures vanquished.

Notes
Turn   | Place    | Note
-------+----------+-------------------------------------------
     0 | D:1      | Aneyh the Tengu Monk began the quest for the Orb.
     0 | D:1      | Reached XP level 1. HP: 14/14 MP: 2/2
   184 | D:1      | Reached XP level 2. HP: 16/19 MP: 3/3
   239 | D:1      | Found Dulycost's Armour Boutique.
   270 | D:1      | Reached skill level 4 in Long Blades
   443 | D:1      | Reached XP level 3. HP: 23/23 MP: 4/4
  1010 | D:2      | Reached skill level 5 in Long Blades
  1109 | D:2      | Reached XP level 4. HP: 28/28 MP: 5/5
  1311 | D:2      | Slain by a gnoll

Illustrated notes

Levels and vault maps discovered:
D:1:      psy_arrival_fountain, layout_loops_ring, serial_shops, shop
D:2:      layout_loops_ring, minmay_surrounded

Skill      XL: |  1  2  3 |
---------------+----------+-----
Long Blades    | 4 5 |  5.6
Fighting       | |  3.0
Dodging        | |  3.2

Action                     |  1- 3 |  4- 6 || total
---------------------------+-------+-------++-------
  Melee: Falchion          |    72 |    23 ||    95
         Peck              |    11 |     4 ||    15
         Kick              |    14 |     8 ||    22
         Punch             |     1 |       ||     1
  Throw: Dart              |       |     4 ||     4
   Stab: Sleeping          |     1 |       ||     1
         Distracted        |     1 |       ||     1
 Armour: Robe              |    21 |    11 ||    32
  Dodge: Dodged            |    63 |    20 ||    83

Table legend: (Time is in decaauts)
 A = Elapsed time spent in this place.
 B = Non-inter-level travel time spent in this place.
 C = Inter-level travel time spent in this place.
 D = Time resting spent in this place.
 E = Time spent auto-exploring this place.
 F = Levels seen in this place.
 G = Mean time per level.
                   A        B        C        D        E       F      G
               +--------+--------+--------+--------+--------+-----+--------+
         Total |   1316 |   1281 |     35 |    107 |    881 |   2 |  658.0 |
       Dungeon |   1316 |   1281 |     35 |    107 |    881 |   2 |  658.0 |
               +--------+--------+--------+--------+--------+-----+--------+

Top non-repeatable levels by time:
     D:1: 774 daAuts
     D:2: 541 daAuts
